Map: Prüfung von Aiur LE

Players

Gialluca

  • Race: Zerg Zerg
  • League: Diamond
  • Spawn Location: 5:00

Panda - Winner!

  • Race: Zerg Zerg
  • League: Diamond
  • Spawn Location: 11:00

VOD

Have the link to the VOD?

Description

Time

  • Played on: Sept. 9, 2017, 5:22 p.m.
  • Length: 4:39
Show
View Real Time Build Order
Export as new Build Order

Gialluca Zerg 

Build Orders: Hatch First 

Get SALT Encoding   

  12  0:01  Drone  
  13  0:12  Overlord  
  13  0:19  Drone  
  14  0:32  Drone x2  
  14  0:34  Drone  
  17  0:46  Drone  
  18  0:56  Hatchery  
  17  1:00  Drone  
  17  1:02  Extractor  
  17  1:15  Spawning Pool  
  17  1:18  Drone  
  17  1:23  Drone  
  18  1:28  Drone  
  19  1:38  Drone  
  20  2:01  Queen  
  20  2:04  Overlord  
  20  2:05  Metabolic Boost  
  20  2:08  Spine Crawler  
  21  2:12  Drone  
  21  2:15  Zergling x4  
  24  2:19  Zergling x2  
  25  2:34  Zergling x2  
  25  2:35  Zergling x4  
  28  2:38  Extractor  
  26  2:49  Queen  
  26  2:51  Spine Crawler  
  24  3:09  Drone x3  
  27  3:13  Roach Warren  
  26  3:39  Drone x2  
  25  4:02  Roach x2  
  29  4:03  Overlord  
  29  4:12  Spine Crawler, Roach  
  30  4:18  Roach  
  18  4:35  Ravager  
Show
View Real Time Build Order
Export as new Build Order

Panda Zerg - Winner!

Build Orders: Pool Only, Zergling Baneling 

Get SALT Encoding   

  12  0:00  Drone  
  13  0:19  Extractor  
  13  0:20  Drone x2  
  14  0:33  Spawning Pool  
  13  0:41  Overlord  
  13  0:50  Drone  
  14  1:05  Drone  
  15  1:19  Zergling x2  
  15  1:20  Queen, Zergling x4  
  20  1:30  Metabolic Boost  
  20  1:34  Zergling x2  
  21  1:42  Baneling Nest  
  20  1:47  Zergling x2  
  21  1:55  Overlord  
  21  2:05  Zergling x2  
  22  2:16  Zergling x2  
  23  2:25  Zergling x2  
  24  2:33  Zergling x6  
  27  2:37  Baneling x2  
  26  2:46  Zergling x2  
  26  3:01  Zergling x4  
  27  3:08  Baneling x4  
  27  3:23  Zergling x8  
  28  3:32  Zergling x2  
  26  3:40  Zergling x2  
  25  3:51  Zergling x2  
  26  3:56  Baneling x2  
Tags
 
Add a new tag
Caveats
  • Supply blocks, unpowered buildings, or Contaminate may cause inaccurate times.
  • Supply counts are checked every 10 seconds.